 Dungeon Crawl Stone Soup version 0.23.2-30-g0e89c35649 (webtiles) character file.

Game seed: 11220327427323518094

4667 butthurts the Ogre Mage (level 10, -1/93 HPs)
             Began as an Ogre Wizard on June 7, 2019.
             Was a Believer of Hepliaklqana.
             Succumbed to Erica's bolt of poison
             ... on level 9 of the Dungeon.
             The game lasted 00:34:07 (10532 turns).

butthurts the Ogre Mage (Ogre Wizard)              Turns: 10532, Time: 00:34:07

Health: -1/93      AC:  5    Str: 16    XL:     10   Next: 44%
Magic:  7/22       EV: 13    Int: 19    God:    Hepliaklqana [**....]
Gold:   452        SH:  3    Dex:  7    Spells: 9/26 levels left

rFire    . . .     SeeInvis .   F - +5 war axe (venom)
rCold    + . .     Gourm    .   (no shield)
rNeg     . . .     Faith    .   a - +0 robe
rPois    .         Spirit   .   b - +2 hat
rElec    .         Reflect  +   (no cloak)
rCorr    .         Harm     .   (gloves unavailable)
MR       +....                  (boots unavailable)
Stlth    +.........             f - +3 amulet of reflection
HPRegen  0.25/turn              q - ring of protection from cold
MPRegen  0.18/turn              G - +3 ring of evasion

@: lethally poisoned (-1 -> -15), slowed, very slow
A: large, unfitting armour, reduced essence, tough skin 1
a: Recall Ancestor, Ancestor Identity, Renounce Religion


You were on level 9 of the Dungeon.
You worshipped Hepliaklqana.
Hepliaklqana was pleased with you.
You were hungry.

You visited 2 branches of the dungeon, and saw 10 of its levels.

You collected 452 gold pieces.

Inventory:

Hand Weapons
 e - a +0 club
 h - a +1 short sword of draining
 y - a +6 club
 F - a +5 war axe of venom (weapon)
 L - a +4 trident of flaming
Missiles
 N - 4 throwing nets (quivered)
Armour
 a - a +0 robe (worn)
 b - a +2 hat (worn)
 z - a +0 leather armour
Jewellery
 f - a +3 amulet of reflection (around neck)
 g - an uncursed ring of flight
 l - a +2 ring of strength
 m - an uncursed ring of fire
 q - a ring of protection from cold (left hand)
 s - a +4 ring of intelligence
 w - an uncursed amulet of rage
 G - a +3 ring of evasion (right hand)
Wands
 c - a wand of acid (5)
 n - a wand of random effects (41)
 t - a wand of polymorph (3)
 C - a wand of digging (6)
 E - a wand of disintegration (12)
 H - a wand of clouds (7)
 M - a wand of paralysis (4)
Scrolls
 k - 3 scrolls of identify
 x - 3 scrolls of remove curse
 A - a scroll of blinking
 B - 2 scrolls of amnesia
 D - 3 scrolls of teleportation
 K - 3 scrolls of fog {unknown}
Potions
 i - 4 potions of heal wounds
 j - 3 potions of curing
 o - 2 potions of resistance
 p - 2 potions of brilliance
 r - a potion of lignification
 u - a potion of flight
 v - a potion of agility
 I - a potion of might {unknown}
 J - a potion of haste {unknown}
Comestibles
 d - 15 rations


   Skills:
 * Level 7.7 Fighting
 * Level 7.6(7.7) Axes
 - Level 0.8(4.4) Maces & Flails
 - Level 2.9 Dodging
 - Level 1.5 Stealth
 * Level 8.6 Spellcasting
 + Level 4.3 Conjurations
 - Level 2.0 Summonings
 - Level 2.0 Translocations
 + Level 3.5 Fire Magic
 - Level 2.4 Air Magic
 + Level 2.6 Poison Magic


You had 9 spell levels left.
You knew the following spells:

 Your Spells              Type           Power        Failure   Level  Hunger
a - Magic Dart            Conj           ###.         1%          1    None
b - Blink                 Tloc           N/A          5%          2    None
c - Call Imp              Summ           ###.....     5%          2    None
d - Conjure Flame         Conj/Fire      ###.....     4%          3    None
e - Mephitic Cloud        Conj/Pois/Air  ###.....     7%          3    None
f - Poisonous Vapours     Pois/Air       ###...       4%          2    None
g - Olgreb's Toxic Radia  Pois           ###.....     28%         4    ###....

Your spell library contained the following spells:

 Spells                   Type           Power        Failure   Level  Hunger
 Flame Tongue             Conj/Fire      ###..        1%          1    None
 Sting                    Conj/Pois      ###.         1%          1    None
 Throw Flame              Conj/Fire      ###...       2%          2    None
 Inner Flame              Hex/Fire       ##......     12%         3    None
 Slow                     Hex            #.......     13%         2    None
 Sticky Flame             Conj/Fire      ###.....     17%         4    ###....
 Fireball                 Conj/Fire      ###.......   43%         5    #####..
 Venom Bolt               Conj/Pois      ###.......   50%         5    #####..


Dungeon Overview and Level Annotations

Branches:
Dungeon (9/15)             Temple (1/1) D:5
   Lair: D:8-11         Orc: D:9-12

Altars:
Ashenzari
Cheibriados
Dithmenos
Elyvilon
Fedhas
Gozag
Hepliaklqana
Kikubaaqudgha
Makhleb
Nemelex Xobeh
Okawaru
Qazlal
Ru
Sif Muna
Trog
Uskayaw
Vehumet
Wu Jian
Xom
Yredelemnul
Zin
The Shining One

Annotations:
D:2 exclusion: 2 downstairs
D:9 Erica


Innate Abilities, Weirdness & Mutations

You are too large for most types of armour.
You have tough skin. (AC +1)
Your life essence is reduced to manifest your ancestor. (-10% HP)


Message History

Beogh smites you!
You feel sick.
Zdislav hits something with a +0 dagger of draining.
You hear some strange, mumbled words.
A bolt of poison appears from out of thin air!
The bolt of poison hits you!!
You are more poisoned.
* * * LOW HITPOINT WARNING * * *
Zdislav hits something with a +0 dagger of draining.
You feel sick.
The orc priest invokes the aid of Beogh against you.
Beogh smites you!
* * * LOW HITPOINT WARNING * * *
Something hits you.
* * * LOW HITPOINT WARNING * * *
Something burns you.
* * * LOW HITPOINT WARNING * * *
You hear a shout!
There is a stone staircase leading up here.
You die...

# ..#.#.
.#.#.#.
.......#####
.......#...##
............##
........@....#
###..R......#
#.........#
#.?.#(....##
#.#.##...## #
# ##.## #o#
#.# #o#


You could see the friendly Zdislav the hexer and an orc priest.

Vanquished Creatures
  Harold (D:8)
  2 hippogriffs
  Sigmund (D:5)
  A wyvern (D:8)
  Eustachio (D:6)
  A hungry ghost (D:7)
  2 sky beasts
  An orc warrior (D:8)
  An ice beast (D:9)
  A phantom (D:7)
  An ogre (D:8)
  2 centaurs
  2 bullfrogs
  Blork the orc (D:5)
  2 scorpions
  2 crimson imps
  A quasit (D:6)
  A centaur zombie (D:7)
  3 hounds
  A centaur skeleton (D:8)
  2 jellies
  An orc wizard (D:8)
  A bullfrog skeleton (D:7)
  2 iguanas
  Terence (D:2)
  4 worker ants
  A killer bee zombie (D:5)
  A worker ant zombie (D:5)
  5 gnolls
  5 adders
  2 adder zombies
  3 oozes
  3 adder skeletons
  4 worms
  2 dart slugs
  8 leopard geckos
  5 orcs
  8 bats
  3 giant cockroaches
  6 goblins
  10 hobgoblins
  4 jackals
  A quokka (D:2)
  A ball python (D:1)
  5 frilled lizards
  6 kobolds
  14 rats
136 creatures vanquished.

Vanquished Creatures (collateral kills)
  A two-headed ogre (D:9)
  A hungry ghost (D:7)
  An ice beast (D:5)
  2 ogres
  A centaur (D:5)
  2 orc priests (D:5)
  An orc wizard (D:8)
  Ijyb (D:5)
  An iguana (D:5)
  A worker ant zombie (D:8)
  2 gnolls
  An adder (D:6)
  2 leopard geckos
  5 orcs
  A giant cockroach (D:5)
  3 jackals
  2 rats (D:3)
28 creatures vanquished.

Vanquished Creatures (others)
  A bullfrog (D:6)
  An ancestor (D:5)
2 creatures vanquished.

Grand Total: 166 creatures vanquished

Notes
Turn   | Place    | Note
-------+----------+-------------------------------------------
     0 | D:1      | butthurts the Ogre Wizard began the quest for the Orb.
     0 | D:1      | Reached XP level 1. HP: 16/16 MP: 5/5
    10 | D:1      | Reached skill level 1 in Conjurations
   229 | D:1      | Reached skill level 4 in Spellcasting
   229 | D:1      | Reached XP level 2. HP: 24/24 MP: 4/7
   261 | D:1      | Learned a level 2 spell: Blink
   264 | D:1      | Learned a level 2 spell: Call Imp
   280 | D:1      | Reached skill level 1 in Translocations
   384 | D:1      | Reached skill level 1 in Summonings
   805 | D:1      | Reached XP level 3. HP: 31/31 MP: 5/8
  1741 | D:2      | Found an ornate altar of the Wu Jian Council.
  1741 | D:2      | Found a glowing silver altar of Zin.
  1745 | D:2      | Found an opulent altar of Gozag.
  1751 | D:2      | Noticed Terence
  1763 | D:2      | Killed Terence
  1763 | D:2      | Reached XP level 4. HP: 24/39 MP: 7/10
  1950 | D:2      | Learned a level 3 spell: Conjure Flame
  2952 | D:3      | Reached XP level 5. HP: 45/46 MP: 8/11
  4141 | D:3      | Reached skill level 1 in Fighting
  4141 | D:3      | Reached skill level 1 in Fire Magic
  4586 | D:4      | Reached skill level 5 in Spellcasting
  4605 | D:4      | Reached XP level 6. HP: 55/55 MP: 9/13
  4642 | D:4      | Found a shattered altar of Ashenzari.
  4782 | D:5      | Entered Level 5 of the Dungeon
  4918 | D:5      | Noticed an ice beast
  5019 | D:5      | Found a staircase to the Ecumenical Temple.
  5212 | D:5      | Found a radiant altar of Vehumet.
  5212 | D:5      | Noticed Sigmund
  5222 | D:5      | Noticed a sky beast
  5283 | D:5      | Killed Sigmund
  5283 | D:5      | Reached XP level 7. HP: 46/66 MP: 15/15
  5433 | Temple   | Entered the Ecumenical Temple
  5607 | Temple   | Became a worshipper of Hepliaklqana the Forgotten
  5625 | D:5      | Learned a level 3 spell: Mephitic Cloud
  5634 | D:5      | Reached skill level 6 in Spellcasting
  5912 | D:5      | Noticed Blork the orc
  5950 | D:5      | Killed Blork the orc
  6070 | D:5      | Reached skill level 1 in Air Magic
  6080 | D:5      | Reached XP level 8. HP: 47/67 MP: 17/17
  6212 | D:5      | Noticed Ijyb
  6222 | D:5      | Killed Ijyb
  6662 | D:5      | Found a blossoming altar of Fedhas.
  6663 | D:5      | Found a radiant altar of Vehumet.
  7370 | D:6      | Found a snail-covered altar of Cheibriados.
  7440 | D:6      | Reached * piety under Hepliaklqana
  7647 | D:6      | Reached skill level 7 in Spellcasting
  7667 | D:6      | Reached skill level 5 in Fighting
  7811 | D:6      | Noticed Eustachio
  7829 | D:6      | Killed Eustachio
  8228 | D:7      | Reached skill level 1 in Axes
  8338 | D:7      | Reached skill level 1 in Poison Magic
  8338 | D:7      | Reached XP level 9. HP: 76/79 MP: 19/19
  8402 | D:7      | You fall through a shaft!
  9054 | D:8      | Reached skill level 5 in Axes
  9327 | D:7      | Found a stormy altar of Qazlal.
  9382 | D:7      | Reached ** piety under Hepliaklqana
  9383 | D:7      | Remembered your ancestor Zdislav as a hexer
  9700 | D:8      | Learned a level 2 spell: Poisonous Vapours
  9705 | D:8      | Learned a level 4 spell: Olgreb's Toxic Radiance
  9751 | D:8      | Reached XP level 10. HP: 84/91 MP: 11/21
 10178 | D:8      | Noticed Harold
 10191 | D:8      | Killed Harold
 10191 | D:8      | Reached skill level 8 in Spellcasting
 10518 | D:9      | Noticed a two-headed ogre
 10520 | D:9      | Noticed Erica
 10526 | D:9      | Killed a two-headed ogre
 10531 | D:9      | HP: 3/93 [something (5)]
 10532 | D:9      | Succumbed to Erica's bolt of poison

Skill      XL: |  1  2  3  4  5  6  7  8  9 10 |
---------------+-------------------------------+-----
Conjurations   | 1 2 3 4 |  4.3
Spellcasting   | 4 5 6 7 8 |  8.6
Translocations | 1 2 |  2.0
Summonings     | 1 2 |  2.0
Fighting       | 1 2 3 5 7 |  7.7
Fire Magic     | 1 2 3 |  3.5
Dodging        | 2 |  2.9
Air Magic      | 1 2 |  2.4
Axes           | 1 6 7 |  7.6
Poison Magic   | 1 2 |  2.6
Maces & Flails | |  0.8
Stealth        | |  1.5

Action                   |  1- 3 |  4- 6 |  7- 9 | 10-12 || total
-------------------------+-------+-------+-------+-------++-------
Melee: Short sword       |    24 |    78 |    47 |       ||   149
       Club              |     4 |       |    48 |       ||    52
       War axe           |       |       |    81 |     4 ||    85
 Cast: Magic Dart        |    89 |   131 |    57 |     7 ||   284
       Call Imp          |     1 |    12 |     5 |       ||    18
       Conjure Flame     |       |     2 |     2 |       ||     4
       Mephitic Cloud    |       |       |     6 |       ||     6
       Poisonous Vapours |       |       |     5 |    13 ||    18
       Olgreb's Toxic Ra |       |       |       |     1 ||     1
       Blink             |       |       |       |     1 ||     1
Invok: Recall Ancestor   |       |       |     1 |       ||     1
       Ancestor Life: He |       |       |     1 |       ||     1
  Use: Scroll            |     4 |    10 |     8 |       ||    22
       Potion            |       |     3 |       |       ||     3
 Stab: Invisible         |       |     2 |     1 |       ||     3
       Distracted        |       |       |     2 |       ||     2
       Confused          |       |       |     1 |       ||     1
  Eat: Chunk             |     2 |    11 |    12 |     2 ||    27
       Ration            |       |       |     1 |       ||     1
Armor: Robe              |     9 |    21 |    51 |       ||    81
Dodge: Dodged            |    23 |    53 |   106 |     7 ||   189
Block: Other             |     1 |    14 |    23 |     1 ||    39
